 Dungeon Crawl Stone Soup version 0.29.1-12-g30fa7ad0bf (webtiles) character file.

Game seed: 11965491126429360512

39 kurumiz the Poker (level 3, -2/30 HPs)
             Began as a Minotaur Gladiator on Dec 17, 2022.
             Slain by a gnoll
             ... wielding a +0 club
              (5 damage)
             ... on level 2 of the Dungeon.
             The game lasted 00:01:13 (1163 turns).

kurumiz the Poker (Minotaur Gladiator)              Turns: 1163, Time: 00:01:13

Health: -2/30      AC:  3    Str: 20    XL:     3   Next: 28%
Magic:  2/2        EV: 12    Int:  5    God:
Gold:   33         SH:  0    Dex: 11    Spells: 2/2 levels left

rFire   . . .      SeeInvis .   a - +0 trident
rCold   . . .      Faith    .   (no shield)
rNeg    . . .      Spirit   .   b - +0 leather armour
rPois   .          Reflect  .   c - +0 hat
rElec   .          Harm     .   (no cloak)
rCorr   .          Rampage  .   (no gloves)
Will    .....                   (no boots)
Stlth   +.........              (no amulet)
HPRegen 0.10/turn               (no ring)
MPRegen 0.08/turn               (no ring)

@: no status effects
A: horns 2, retaliatory headbutt
a: no special abilities


You were on level 2 of the Dungeon.
You visited 1 branch of the dungeon, and saw 2 of its levels.

You collected 111 gold pieces.
You spent 78 gold pieces at shops.

Inventory:

Hand Weapons
 a - a +0 trident (weapon)
Missiles
 d - 3 throwing nets (quivered)
 e - a javelin
Armour
 b - a +0 leather armour (worn)
 c - a +0 hat (worn)
Jewellery
 f - a ring of see invisible
 h - a +4 ring of protection
Scrolls
 j - a scroll of noise {unknown}
 k - a scroll of fog {unknown}
 l - a scroll of blinking {unknown}
 m - a scroll of teleportation {unknown}
Potions
 g - 3 potions of curing
 i - a potion of magic {unknown}


   Skills:
 + Level 2.6 Fighting
 + Level 4.6 Polearms
 + Level 2.6 Throwing
 + Level 0.7 Armour
 + Level 3.3 Dodging


You had 2 spell levels left.
You didn't know any spells.
Your spell library was empty.

Dungeon Overview and Level Annotations

Branches:
Dungeon (2/15)

Altars:

Shops:
D:1 !


Innate Abilities, Weirdness & Mutations

You have a pair of horns on your head.
You reflexively headbutt those who attack you in melee.


Message History

Your headbutt misses the giant cockroach.
The giant cockroach bites you but does no damage.
You puncture the giant cockroach!
You kill the giant cockroach!
No target in view!
A gnoll comes into view. It is wielding a +0 spear.
The gnoll shouts!
You see here a scroll labelled NORCHY HUSAAT. 2 gnolls come into view.
The gnoll hits you from afar with a +0 spear.
There are monsters nearby!
There are monsters nearby!
You reach to attack!
You closely miss the gnoll. The gnoll barely misses you.
You hit the gnoll. You headbutt the gnoll!
You kill the gnoll!
The gnoll closely misses you.
You hit the gnoll.
The gnoll is moderately wounded.
The gnoll misses you. The gnoll barely misses you.
You hit the gnoll.
The gnoll is heavily wounded.
The gnoll hits you from afar with a +0 spear.
You hit the gnoll but do no damage.
The gnoll is heavily wounded.
The gnoll hits you from afar with a +0 spear.
The gnoll misses you.
You are too injured to fight recklessly!
You are too injured to fight recklessly!
You are too injured to fight recklessly!
You are too injured to fight recklessly!
You barely miss the gnoll.
The gnoll is heavily wounded.
The gnoll barely misses you. x2
The gnoll hits you from afar with a +0 spear.
You closely miss the gnoll.
The gnoll is heavily wounded.
The gnoll hits you from afar with a +0 spear!
* * * LOW HITPOINT WARNING * * *
The gnoll hits you with a +0 club.
You die...

#..## .
#.#.#..
..<..#.##.#
#g... ..#.#
##g.# #.#.#
##@#.# #...
#.##†# #.>
#?.#.# #.#
#.#..#####.#
#..
#.##.......#
#.#
#.##.##.##.#
#.#
#.#...#>##.#
#.#
....#...##.#
#.# #.#.
..###.# #.#


You could see 2 gnolls.

Vanquished Creatures
  A gnoll (D:2)
  2 worms (D:2)
  5 ball pythons
  An endoplasm (D:2)
  2 giant cockroaches
  2 goblins (D:1)
  A hobgoblin (D:1)
  2 jackals (D:1)
  A quokka (D:1)
  4 bats
  A frilled lizard (D:1)
  2 rats
24 creatures vanquished.

Vanquished Creatures (others)
  A fungus (D:2)
1 creature vanquished.

Grand Total: 25 creatures vanquished

Notes
Turn   | Place    | Note
-------+----------+-------------------------------------------
     0 | D:1      | kurumiz the Minotaur Gladiator began the quest for the Orb.
     0 | D:1      | Reached XP level 1. HP: 18/18 MP: 0/0
   304 | D:1      | Reached skill level 4 in Polearms
   304 | D:1      | Reached XP level 2. HP: 24/25 MP: 1/1
   526 | D:1      | Found a faded altar of an unknown god.
   755 | D:1      | Found Sigok's Distillery.
   785 | D:1      | Bought a potion of curing for 39 gold pieces
   785 | D:1      | Bought a potion of curing for 39 gold pieces
  1127 | D:2      | Reached XP level 3. HP: 30/30 MP: 2/2
  1163 | D:2      | Slain by a gnoll

Illustrated notes

Levels and vault maps discovered:
D:1:      dpeg_arrival_simpleton_b, layout_loops_ring, serial_shops,
          nicolae_lakefront_shop, hellmonk_ecumenical_altar_zigzags
D:2:      layout_loops_ring, uniq_sigmund, uniq_crazy_yiuf_cottage

Skill      XL: |  1 |
---------------+----+-----
Polearms       | 4 |  4.6
Fighting       | |  2.6
Throwing       | |  2.6
Armour         | |  0.7
Dodging        | |  3.3

Action                   || total
-------------------------++-------
Melee: Trident           ||    58
       Headbutt          ||     6
 Stab: Sleeping          ||     1
Armor: Leather armour    ||    11
Dodge: Dodged            ||    24
